 Dungeon Crawl Stone Soup version 0.24-a0-443-g80245de385 (console) character file.

Game seed: 4186104304833702392

15 Lexodia the Insei (level 2, 0/23 HPs)
             Began as a Gnoll Transmuter on June 21, 2019.
             Killed from afar by a dart slug (4 damage)
             ... with a slug dart
             ... on level 1 of the Dungeon.
             The game lasted 00:00:57 (231 turns).

Lexodia the Insei (Gnoll Transmuter)                 Turns: 231, Time: 00:00:58

Health: 0/23       AC:  2    Str: 12    XL:     2   Next: 50%
Magic:  6/7        EV: 14    Int: 15    God:
Gold:   23         SH:  0    Dex: 15    Spells: 9/10 levels left

rFire    . . .     SeeInvis .     - Unarmed
rCold    . . .     Gourm    .   (no shield)
rNeg     . . .     Faith    .   b - +0 robe
rPois    .         Spirit   .   (no helmet)
rElec    .         Reflect  .   (no cloak)
rCorr    .         Harm     .   (no gloves)
MR       .....                  (boots currently unavailable)
Stlth    ++........             (no amulet)
HPRegen  0.07/turn              (no ring)
MPRegen  0.10/turn              (no ring)

@: appendage
A: distributed training, fangs 1, talons 3, strong nose
a: End Transformation


You were on level 1 of the Dungeon.
You were not hungry.
You had grown temporary talons.
You visited 1 branch of the dungeon, and saw 1 of its levels.

You collected 23 gold pieces.

Inventory:

Missiles
 a - 29 arrows
Armour
 b - a +0 robe (worn)
Scrolls
 c - a scroll of teleportation {unknown}
 e - a scroll of immolation {unknown}
Comestibles
 d - a ration


   Skills:
 + Level 2.5 Fighting
 + Level 0.4 Short Blades
 + Level 0.4 Long Blades
 + Level 0.4 Axes
 + Level 0.4 Maces & Flails
 + Level 0.4 Polearms
 + Level 0.4 Staves
 + Level 0.4 Slings
 + Level 0.4 Bows
 + Level 0.4 Crossbows
 + Level 0.4 Throwing
 + Level 0.4 Armour
 + Level 4.5 Dodging
 + Level 0.4 Stealth
 + Level 0.4 Shields
 + Level 6.5 Unarmed Combat
 + Level 4.9 Spellcasting
 + Level 0.2 Conjurations
 + Level 0.2 Hexes
 + Level 0.2 Charms
 + Level 0.2 Summonings
 + Level 0.2 Necromancy
 + Level 0.2 Translocations
 + Level 3.7 Transmutations
 + Level 0.2 Fire Magic
 + Level 0.2 Ice Magic
 + Level 0.2 Air Magic
 + Level 0.2 Earth Magic
 + Level 0.2 Poison Magic
 + Level 0.5 Invocations
 + Level 0.4 Evocations


You had 9 spell levels left.
You knew the following spells:

 Your Spells              Type           Power        Failure   Level  Hunger
a - Beastly Appendage     Tmut           ##....       3%          1    None

Your spell library contained the following spells:

 Spells                   Type           Power        Failure   Level  Hunger
 Sticks to Snakes         Tmut           ##......     5%          2    ##.....
 Spider Form              Tmut/Pois      #.........   22%         3    ###....
 Ice Form                 Ice/Tmut       #.......     58%         4    ####...
 Blade Hands              Tmut           ##........   69%         5    ######.


Dungeon Overview and Level Annotations

Branches:
Dungeon (1/15)

Altars:


Innate Abilities, Weirdness & Mutations

Your experience applies equally to all skills.
You have very sharp teeth.
Your uncanny sense of smell can sniff out nearby items.
You have claws for feet.


Message History

A bat comes into view.
The hobgoblin hits you.
* * * LOW HITPOINT WARNING * * *
The bat moves out of view.
You hit the hobgoblin.
You kill the hobgoblin!
You completely miss the rat. The rat bites you.
* * * LOW HITPOINT WARNING * * *
You hit the rat but do no damage. The rat barely misses you.
You hit the rat.
You kill the rat!
Huge Dmg: -30%(-7hp) hp: 18%(4hp)
Casting: Beastly Appendage (safe; 3% risk of failure)
Confirm with . or Enter, or press ? or * to list all spells.
Your feet morph into talons.
You hit the dart slug.
The dart slug is heavily wounded.
The dart slug launches a dart at you. The slug dart hits you.
You die...

.g... . ..... #.. ......
####... ...... #####....
∆ ......# ####.....######
..!.... ##.......†......
......h###.>....#######..
>.....Kw@.[#.#.## ##..
.......####..#.# #..[
....... #.#..# #.....
......# ..#.## ....##..
.....# ..##.# #### #..
##### ... ... ### #...
..#


You could see a dart slug, a jackal and a kobold.

Vanquished Creatures
  An ooze (D:1)
  A dart slug (D:1)
  A bat (D:1)
  2 hobgoblins (D:1)
  A jackal (D:1)
  A kobold (D:1)
  2 rats (D:1)
9 creatures vanquished.

Notes
Turn   | Place    | Note
-------+----------+-------------------------------------------
     0 | D:1      | Lexodia the Gnoll Transmuter began the quest for the Orb.
     0 | D:1      | Reached XP level 1. HP: 17/17 MP: 6/6
    43 | D:1      | Huge Dmg: 6 dmg
   215 | D:1      | Huge Dmg: 3 dmg
   218 | D:1      | Reached XP level 2. HP: 11/23 MP: 7/7
   230 | D:1      | Huge Dmg: 7 dmg
   231 | D:1      | Killed from afar by a dart slug

Levels and vault maps discovered:
D:1:      zaba_arrival_water, layout_rooms

Action                   || total
-------------------------++-------
Melee: Unarmed           ||    33
       Headbutt          ||     3
       Bite              ||     3
       Punch             ||     1
 Cast: Beastly Appendage ||     3
Armor: Robe              ||     3
Dodge: Dodged            ||    17

Table legend:
 A = Non-vault XP
 B = Vault XP
 C = Vault XP percentage of total XP
 D = Non-vault monster count
 E = Vault monster count
 F = Vault count percentage of total count
                 A         B        C        D         E       F
            +---------+---------+-------+---------+---------+-------
      Total |      22 |       0 |   0.0 |       9 |       0 |   0.0
            +---------+---------+-------+---------+---------+-------
        D:1 |      22 |       0 |   0.0 |       9 |       0 |   0.0
            +---------+---------+-------+---------+---------+-------
